 Dungeon Crawl Stone Soup version 0.19-a0-1821-g42c593c (webtiles) character file.

1299 wazuzu the Cleaver (level 8, -4/71 HPs)
             Began as a Minotaur Berserker on Oct 6, 2016.
             Was a Priest of Trog.
             Slain by a wight
             ... wielding a +1 battleaxe of freezing
              (6 damage)
             ... on level 6 of the Dungeon.
             The game lasted 00:11:10 (4760 turns).

wazuzu the Cleaver (Minotaur Berserker)             Turns: 4760, Time: 00:11:11

Health: -4/71      AC:  9    Str: 20    XL:     8   Next: 31%
Magic:  7/7        EV:  9    Int:  4    God:    Trog [***...]
Gold:   79         SH:  0    Dex: 11    Spells: 0 memorised, 7 levels left

rFire  . . .     SeeInvis .     q - +0 war axe
rCold  . . .     Gourm    .     j - +0 chain mail
rNeg   + . .     Faith    .     (no shield)
rPois  .         Spirit   .     (helmet restricted)
rElec  .         Dismiss  .     (no cloak)
rCorr  .         Reflect  .     (no gloves)
MR     .....     Harm     .     (no boots)
Stlth  ..........               (no amulet)
                                k - ring of positive energy
                                b - -3 ring of strength (curse)

@: drained
A: retaliatory headbutt, horns 2
a: Berserk, Trog's Hand, Burn Spellbooks, Renounce Religion


You were on level 6 of the Dungeon.
You worshipped Trog.
Trog was most pleased with you.
You were near starving.

You visited 2 branches of the dungeon, and saw 7 of its levels.

You collected 228 gold pieces.
You spent 149 gold pieces at shops.

Inventory:

Hand Weapons
 q - a +0 war axe (weapon)
Armour
 j - a +0 chain mail (worn)
Rods
 n - a +0 iron rod (9/11)
   (You found it on level 6 of the Dungeon)
Jewellery
 b - a cursed -3 ring of strength (left hand)
 k - a ring of positive energy (right hand)
 s - a cursed ring of teleportation {unknown}
 w - a +5 ring of strength
 x - an uncursed amulet of rage {unknown}
Wands
 u - a wand of iceblast (12/15)
 v - a wand of polymorph (12/24)
Scrolls
 f - a scroll of teleportation
 g - a scroll of fog
 p - a scroll of magic mapping
 A - a scroll of enchant weapon
Potions
 a - 2 potions of resistance
 d - a potion of curing {unknown}
 e - a potion of haste {unknown}
 i - 4 potions of berserk rage
 l - 3 potions of flight
 m - a potion of cure mutation {unknown}
 r - a potion of agility {unknown}
 t - a potion of brilliance {unknown}
 B - a potion of invisibility {unknown}
Comestibles
 c - 2 bread rations
 h - a meat ration
 o - 2 beef jerkies
 z - a slice of pizza


   Skills:
 + Level 6.6(6.2) Fighting
 * Level 8.6(8.2) Axes
 + Level 5.8(5.4) Armour
 + Level 5.2(4.8) Dodging


You had 7 spell levels left.
You didn't know any spells.

Dungeon Overview and Level Annotations

Branches:
Dungeon (6/15)             Temple (1/1) D:5

Altars:
Ashenzari
Cheibriados
Dithmenos
Elyvilon
Fedhas
Gozag
Hepliaklqana
Kikubaaqudgha
Makhleb
Nemelex Xobeh
Okawaru
Qazlal
Ru
Sif Muna
Trog
Uskayaw
Vehumet
Xom
Yredelemnul
Zin
The Shining One

Shops:
D:5 ?


Innate Abilities, Weirdness & Mutations

You reflexively headbutt those who attack you in melee.
You have a pair of horns on your head.


Message History

The wight hits you with a battleaxe of freezing.
* * * LOW HITPOINT WARNING * * *
The wight freezes you.
* * * LOW HITPOINT WARNING * * *
You closely miss the wight.
The wight is heavily damaged.
Your skin stops crawling.
You feel less resistant to hostile enchantments.
You closely miss the wight.
The wight is heavily damaged.
The wight hits you with a battleaxe of freezing.
* * * LOW HITPOINT WARNING * * *
The wight freezes you.
* * * LOW HITPOINT WARNING * * *
Okay, then.
You start eating the slice of pizza.
The wight hits you with a battleaxe of freezing!
* * * LOW HITPOINT WARNING * * *
You partially resist.
You feel drained. The wight freezes you.
You die...

## #.#)....... .#
#.#####.... >###
#.# .. # ...# #.#
## ##.#### #.# #.
#....## #.# #.
..###..## ##.# ##.
#.......#### #z.#
####..
#####......###
#@## ......
####.....###.# ##
##.##.
###.....#.###... #
#. ##..........# #
## #.......### .#
# #
)....###...#####.#
.# ######
###.......#####.
#####......#.. #
###..####... ##


You could see a wight.

Vanquished Creatures
  An orc warrior (D:6)
  2 ice beasts
  A wyvern zombie (D:6)
  A scorpion (D:4)
  3 wights (D:6)
  A howler monkey (D:6)
  4 crimson imps
  A bullfrog zombie (D:6)
  A hound (D:5)
  A centaur skeleton (D:6)
  An orc priest (D:3)
  A jelly (D:4)
  Jessica (D:2)
  A bullfrog skeleton (D:6)
  4 orc wizards
  An iguana (D:4)
  2 worker ants
  A hound zombie (D:6)
  2 hound skeletons
  9 adders
  A shadow imp (D:4)
  An ooze (D:3)
  An adder zombie (D:5)
  An adder skeleton (D:5)
  A dart slug (D:1)
  A worm (D:3)
  4 leopard geckos
  14 orcs
  2 ball pythons (D:2)
  2 giant cockroaches
  10 goblins
  4 hobgoblins
  4 jackals
  2 quokkas (D:2)
  7 bats
  6 frilled lizards
  6 kobolds
  A leopard gecko skeleton (D:4)
  8 rats
  A plant (D:2)
116 creatures vanquished.

Vanquished Creatures (others)
  An adder zombie (D:5)
1 creature vanquished.

Grand Total: 117 creatures vanquished

Notes
Turn   | Place    | Note
-------+----------+-------------------------------------------
     0 | D:1      | wazuzu the Minotaur Berserker began the quest for the Orb.
     0 | D:1      | Reached XP level 1. HP: 19/19 MP: 0/0
   285 | D:1      | Reached skill level 4 in Axes
   335 | D:1      | Reached XP level 2. HP: 26/26 MP: 1/1
   718 | D:1      | Reached ** piety under Trog
  1097 | D:2      | Reached XP level 3. HP: 33/33 MP: 2/2
  1206 | D:2      | Noticed Jessica
  1213 | D:2      | Killed Jessica
  1261 | D:2      | Found an opulent altar of Gozag.
  1261 | D:2      | Found a glowing golden altar of the Shining One.
  1261 | D:2      | Found a stormy altar of Qazlal.
  1298 | D:2      | Reached XP level 4. HP: 34/40 MP: 3/3
  1508 | D:2      | Reached skill level 5 in Axes
  1815 | D:3      | Reached XP level 5. HP: 43/47 MP: 4/4
  2292 | D:4      | Reached *** piety under Trog
  2301 | D:4      | Reached skill level 5 in Fighting
  2384 | D:4      | Found a shimmering altar of Xom.
  2384 | D:4      | Found a basalt altar of Yredelemnul.
  2384 | D:4      | Found a radiant altar of Vehumet.
  2384 | D:4      | Found a glowing silver altar of Zin.
  2395 | D:4      | Reached XP level 6. HP: 51/56 MP: 5/5
  2399 | D:4      | Found a burning altar of Makhleb.
  2399 | D:4      | Found a blossoming altar of Fedhas.
  2452 | D:4      | Reached skill level 6 in Axes
  2901 | D:5      | Entered Level 5 of the Dungeon
  3068 | D:5      | Found a staircase to the Ecumenical Temple.
  3104 | Temple   | Entered the Ecumenical Temple
  3308 | D:5      | Reached XP level 7. HP: 61/61 MP: 6/6
  3321 | D:5      | Found Fuysi's Magic Scroll Boutique.
  3329 | D:5      | Bought a scroll of identify for 26 gold pieces
  3329 | D:5      | Bought a scroll of enchant weapon for 97 gold pieces
  3329 | D:5      | Bought a scroll of identify for 26 gold pieces
  3965 | D:5      | Reached skill level 7 in Axes
  4202 | D:6      | Reached skill level 5 in Armour
  4276 | D:6      | Reached skill level 5 in Dodging
  4276 | D:6      | Reached XP level 8. HP: 58/70 MP: 7/7
  4342 | D:6      | Reached skill level 8 in Axes
  4760 | D:6      | HP: 2/71 [wight/battleaxe of freezing (12)]
  4760 | D:6      | Slain by a wight

Vault maps used:
D:1:      minmay_arrival_shattered_statue, serial_co_window_serial,
          co_window_paths_b, co_window_corner_a, co_window_paths_b,
          co_window_corner_a, co_window_paths_b, co_window_unsneaky_path_d,
          co_window_corner_b, co_window_unsneaky_path_b, co_window_corner_b,
          co_window_of_opportunity_b, co_window_of_opportunity_c,
          co_window_broadway_a, glass_columns_c, glass_columns_c,
          glass_columns_b, glass_columns_c
D:2:      gammafunk_temple_overflow_forgotten, uniq_jessica
D:4:      minmay_overflow_temple_hex, first_bread
D:5:      serial_shops, shop_fountains, st_stairs_4, lemuel_flame_loot_1
Temple:   hc_temple_tempest_star

Skill      XL: |  1  2  3  4  5  6  7  8 |
---------------+-------------------------+-----
Axes           | 4 5 6 7 8 |  8.6
Fighting       | 4 5 6 |  6.6
Armour         | 3 4 5 |  5.8
Dodging        | 3 4 5 |  5.2

Action                   |  1- 3 |  4- 6 |  7- 9 || total
-------------------------+-------+-------+-------++-------
Melee: Hand axe          |    70 |    70 |       ||   140
       Headbutt          |     7 |    20 |    22 ||    49
       War axe           |       |   101 |    84 ||   185
Invok: Trog's Hand       |       |     2 |     4 ||     6
       Berserk           |       |     1 |     2 ||     3
Evoke: Rod               |       |       |     1 ||     1
  Use: Scroll            |     4 |     3 |     5 ||    12
  Eat: Chunk             |     1 |     8 |     3 ||    12
       Bread ration      |       |       |     1 ||     1
Armor: Animal skin       |    14 |       |       ||    14
       Scale mail        |       |    61 |    28 ||    89
       Chain mail        |       |       |    14 ||    14
Dodge: Dodged            |    36 |   103 |    43 ||   182
